[Event "FRA-ch Youth U14 2018"]
[Site "Agen"]
[Date "2018.04.21"]
[Round "8"]
[White "Randrianarimanana, Alicia"]
[Black "Kuhn, Mathilde"]
[Result "1-0"]
[ECO "E91"]
[WhiteElo "1872"]
[BlackElo "1742"]
[Annotator "NA"]
[PlyCount "85"]
[EventDate "2018.??.??"]
[EventType "swiss"]
[EventCountry "FRA"]
[SourceTitle "playchess.com"]
[Source "ChessBase"]
[SourceQuality "1"]
[TimeControl "5400+30"]

1. d4 Nf6 2. c4 g6 3. Nc3 Bg7 4. e4 d6 5. Nf3 O-O 6. Be2 Nbd7 7. O-O e5 8. d5 Nc5 9. Qc2 a5 10. Ne1 Ne8 11. Be3 f5 12. f3 {[%emt 0:00:06] E94: King's Indian: Classical: 6 Be2 e5 7 0-0: Various Black 7th moves} f4 13. Bf2 g5 14. a3 h5 $146 ({Predecessor:} 14... Rf6 15. Bxc5 dxc5 16. Nd3 Qe7 17. b4 axb4 18. axb4 Rxa1 19. Rxa1 cxb4 {½-½ (80) Gorozhankina,J (2129)-Biryukov,D (2332) Moscow 2012}) 15. Qd1 Nf6 16. b4 axb4 17. axb4 Rxa1 18. Qxa1 Na6 19. Nd3 g4 20. c5 Nh7 21. c6 bxc6 (21... b6 $16 {might work better.} 22. Ne1 Nxb4) 22. dxc6 Nb8 ({Better is} 22... gxf3 $18 23. Bxf3 Ng5) 23. b5 Qg5 24. Qe1 Bf6 25. Nd5 Bd8 26. Qc1 Kh8 27. Qe1 Rg8 28. fxg4 hxg4 29. g3 f3 30. Bd1 Qh5 31. Be3 Rg6 32. Rf2 Bg5 33. Nxc7 Rh6 34. Nd5 Be6 $18 35. c7 Qe8 36. cxb8=Q Qxb8 37. Rb2 Bxd5 38. exd5 Qb7 39. Bxg5 Nxg5 40. Qe3 f2+ 41. Nxf2 Qg7 42. Bxg4 e4 43. Rb1 1-0

[Event "FRA-ch Youth U14 2018"]
[Site "Agen"]
[Date "2018.04.21"]
[Round "8"]
[White "Bellahcene, Sofia"]
[Black "Nguyen, Thao Nhi"]
[Result "1-0"]
[ECO "B02"]
[WhiteElo "1701"]
[BlackElo "1861"]
[Annotator "NA"]
[PlyCount "57"]
[EventDate "2018.??.??"]
[EventType "swiss"]
[EventCountry "FRA"]
[SourceTitle "playchess.com"]
[Source "ChessBase"]
[SourceQuality "1"]
[TimeControl "5400+30"]

1. e4 Nf6 2. e5 Nd5 3. c4 Nb6 4. c5 Nd5 5. Nc3 Nxc3 6. dxc3 d6 7. Nf3 {[%emt 0:00:53] B02: Alekhine's Defence: Chase Variation and lines with early Nc3} Nc6 8. Bb5 Bd7 9. Qe2 $146 ({Predecessor:} 9. cxd6 exd6 10. exd6 Bxd6 11. O-O O-O 12. Bg5 Qc8 13. Re1 a6 14. Ba4 Bg4 15. Qd3 {½-½ (15) Letreguilly,O (2274)-Guadalpi,D (2317) Port Barcares 2005}) 9... dxe5 10. O-O e6 11. Rd1 Bxc5 12. Bxc6 bxc6 13. Qxe5 Qe7 14. Qxg7 O-O-O 15. Bg5 Qf8 16. Qxf8 Rdxf8 17. Bf6 Rhg8 18. Ne5 Bd6 19. Nc4 Bf4 $16 20. Rd4 Bg5 21. Bxg5 Rxg5 22. Rad1 Be8 23. Rd8+ Kb7 24. b4 Rfg8 25. g3 Rd5 26. Na5+ Kb6 27. Rb8+ Ka6 28. Rxd5 cxd5 29. Nb3 1-0

[Event "FRA-ch Youth U14 2018"]
[Site "Agen"]
[Date "2018.04.21"]
[Round "8"]
[White "Tomasi, Elise"]
[Black "Chemla, Anouk"]
[Result "1-0"]
[ECO "A49"]
[WhiteElo "1689"]
[BlackElo "1705"]
[Annotator "NA"]
[PlyCount "132"]
[EventDate "2018.??.??"]
[EventType "swiss"]
[EventCountry "FRA"]
[SourceTitle "playchess.com"]
[Source "ChessBase"]
[SourceQuality "1"]
[TimeControl "5400+30"]

1. d4 Nf6 2. Nf3 g6 3. g3 d5 4. Bg2 c5 5. O-O Bg7 6. dxc5 Qa5 7. c4 Qxc5 8. cxd5 Nxd5 9. e4 Nb6 10. Nc3 O-O 11. Be3 Qb4 12. Qc1 Rd8 13. Bxb6 axb6 14. Nd5 Qd6 15. Rd1 Nc6 16. Nxb6 Qxd1+ 17. Qxd1 Rxd1+ 18. Rxd1 Rb8 19. b3 h6 20. b4 Be6 21. b5 Na5 22. a4 Nc4 23. Nxc4 Bxc4 24. Rd7 Kf8 25. Bh3 Bb3 26. a5 Ba4 27. Bf1 Bc3 28. Rd3 Rc8 29. a6 bxa6 30. bxa6 Bc2 31. Re3 Bb4 32. Re2 Bd1 33. Re3 Ke8 34. Bb5+ Kf8 35. Kg2 Ra8 36. Ne5 Kg7 37. Nc6 Bc5 38. Rc3 Bd6 39. e5 Bc7 40. Nxe7 Bxe5 41. Rc8 Rxc8 42. Nxc8 Bb3 43. Bc6 Bd4 44. a7 Bxa7 45. Nxa7 f5 46. Nb5 Kf6 47. Kf3 g5 48. Nd4 Bd1+ 49. Ke3 Ke5 50. f4+ Kf6 51. Bd7 Bg4 52. Kf2 Bh3 53. Nf3 Kg6 54. Ng1 Bg4 55. Nf3 Bh3 56. Ne5+ Kf6 57. Bc6 Ke6 58. Bg2 Bxg2 59. Kxg2 g4 60. h3 h5 61. hxg4 hxg4 62. Kf2 Kd5 63. Ke3 Kc5 64. Ng6 Kd5 65. Nh4 Ke6 66. Kd4 Kf6 {[%emt 0:00:22] Ke4} 1-0

[Event "FRA-ch Youth U14 2018"]
[Site "Agen"]
[Date "2018.04.21"]
[Round "8"]
[White "Sumarriva Paulin, Laura"]
[Black "Moracchini, Margaux"]
[Result "0-1"]
[ECO "A41"]
[WhiteElo "1665"]
[BlackElo "1939"]
[Annotator "NA"]
[PlyCount "82"]
[EventDate "2018.??.??"]
[EventType "swiss"]
[EventCountry "FRA"]
[SourceTitle "playchess.com"]
[Source "ChessBase"]
[SourceQuality "1"]
[TimeControl "5400+30"]

1. d4 d6 2. c4 g6 3. Nc3 Bg7 4. Bg5 h6 5. Bh4 Nd7 6. Nf3 f5 {[%emt 0:00:37] A41: 1 d4 d6: Tartakower System and Modern Defence} (6... g5 7. Bg3 f5 8. e3 e5 9. dxe5 dxe5 10. h4 g4 11. Nd2 h5 12. f3 Nh6 13. Be2 O-O 14. Bf2 {0-1 (36) Jacobsen,M (2370)-Hillarp Persson,T (2563) Helsingor 2015}) 7. e3 Ngf6 8. Be2 O-O 9. O-O c5 $146 ({Predecessor:} 9... e5 10. h3 c6 11. Qb3 Kh7 12. Rfd1 Re8 {0-1 (47) Yoshioka,H (1759)-Ogata,E (2068) Matinhos 2015}) 10. h3 b6 11. Qc2 Bb7 12. Rad1 (12. d5 $14) 12... Ne4 13. Nd2 Nxc3 14. Qxc3 f4 15. exf4 Rxf4 16. Bg3 Rxd4 17. Qc2 g5 18. Rc1 Qe8 19. Bf3 d5 20. cxd5 Bxd5 21. Nb3 Bxf3 22. Nxd4 Bxg2 23. Kxg2 Bxd4 24. Qc4+ Kg7 25. b3 e5 26. Rfe1 Nf6 27. f3 Rd8 28. Bf2 Bxf2 29. Kxf2 Rd4 30. Qe2 Qd7 31. Qxe5 $17 Qxh3 32. Rcd1 Rf4 33. Rd3 Kg6 34. Qe6 Qh2+ 35. Kf1 g4 36. Re2 Qh1+ 37. Kf2 gxf3 38. Re1 Qg2+ 39. Ke3 Re4+ 40. Qxe4+ Nxe4 41. Kxe4 f2+ {[%emt 0:00:03] Kd4} 0-1

[Event "FRA-ch Youth U14 2018"]
[Site "Agen"]
[Date "2018.04.22"]
[Round "9"]
[White "Moracchini, Margaux"]
[Black "Randrianarimanana, Alicia"]
[Result "1-0"]
[ECO "B22"]
[WhiteElo "1939"]
[BlackElo "1872"]
[Annotator "NA RC"]
[PlyCount "123"]
[EventDate "2018.??.??"]
[EventType "swiss"]
[EventCountry "FRA"]
[SourceTitle "playchess.com"]
[Source "ChessBase"]
[SourceQuality "1"]
[TimeControl "5400+30"]

1. e4 c5 2. c3 Nf6 3. e5 Nd5 4. Bc4 Nb6 5. Bb3 e6 6. Nf3 Nc6 7. O-O d6 8. d4 cxd4 9. cxd4 Be7 10. Nc3 O-O {[%emt 0:01:52] LiveBook: 4 Games} 11. Qe2 Nd7 {[%emt 0:01:06] B22: Sicilian: 2 c3} (11... d5 12. Bc2 f5 13. exf6 Bxf6 14. Bf4 Bxd4 15. Bg3 Bf6 16. Rad1 Bd7 17. Nb5 Nb4 18. Bb1 Bxb5 19. Qxb5 {½-½ (52) Petrisor,A (2419)-Meskovs,N (2546) Neustadt an der Weinstrasse 2018}) 12. exd6 $146 ({Predecessor:} 12. Rd1 d5 13. Bc2 Re8 14. a3 Nf8 15. h4 f5 16. exf6 Bxf6 17. Bf4 a6 18. h5 Bd7 19. Bd6 {1-0 (36) Biro,S (2273)-Solty,L (2116) Hungary 2014}) 12... Bxd6 13. Ne4 Be7 14. Rd1 Nb6 15. Ne5 Nd5 16. Rd3 Qc7 $2 ({Black should play} 16... f6 $14 17. Nxc6 bxc6) 17. Nxc6 $2 (17. Rh3 $18 Nxe5 18. Qh5) 17... bxc6 18. Rg3 Nf6 19. Nc5 Bd6 20. Rf3 Bxh2+ 21. Kh1 Bd6 $1 22. Rxf6 gxf6 23. Bh6 Kh8 24. Qf3 Be7 25. Bxf8 Bxf8 26. Qxf6+ Bg7 27. Qh4 Qd6 ({Better is} 27... a5) 28. Rd1 a5 29. Ne4 Qc7 30. Nf6 h6 31. Ne8 (31. Bc2 $142 Bxf6 32. Qxf6+ Kg8 33. Rd3) 31... Qd7 32. Nxg7 Kxg7 33. Rd3 Qe8 34. Rg3+ Kf8 35. Qxh6+ Ke7 36. Qh4+ Kd7 37. Qe4 Bb7 38. Ba4 Kd8 $2 (38... Rd8 39. Kg1 Kc8) 39. Qe5 Kd7 40. Kg1 Qb8 $2 (40... Rd8 41. Rg7 Qe7) 41. Qf6 Qf8 42. Rg7 Ke8 43. Rh7 Qe7 44. Qe5 Kd7 45. d5 Ra6 46. Qb8 Ba8 47. d6 Qxd6 48. Rxf7+ Qe7 49. Rxe7+ Kxe7 50. Qc7+ Kf6 51. g4 c5 52. Bb5 Bb7 53. Bxa6 Bxa6 54. Qxc5 Be2 55. g5+ Kf7 56. Qxa5 Bg4 57. Qc7+ Kg6 58. Qf4 Bf5 59. Qxf5+ Kxf5 60. a4 Kxg5 61. a5 Kf5 62. a6 1-0

[Event "FRA-ch Youth U14 2018"]
[Site "Agen"]
[Date "2018.04.22"]
[Round "9"]
[White "Nguyen, Thao Nhi"]
[Black "Tomasi, Elise"]
[Result "0-1"]
[ECO "C47"]
[WhiteElo "1861"]
[BlackElo "1689"]
[Annotator "NA RC"]
[PlyCount "78"]
[EventDate "2018.??.??"]
[EventType "swiss"]
[EventCountry "FRA"]
[TimeControl "5400+30"]

1. e4 e5 2. Nf3 Nc6 3. Nc3 Nf6 4. d4 Bb4 5. Nxe5 O-O 6. Nxc6 bxc6 7. Bd3 Re8 8. f3 d5 9. e5 c5 10. O-O cxd4 11. exf6 dxc3 12. fxg7 Qf6 13. bxc3 Bxc3 14. Rb1 Qxg7 15. Bf4 Qd4+ 16. Kh1 Qxf4 17. Bxh7+ Kxh7 18. Qd3+ Bf5 19. Qxc3 d4 20. Qc4 Kg7 21. Rbd1 Rh8 22. Qxd4+ Qxd4 23. Rxd4 Be6 24. a3 c5 25. Rd6 Rhd8 26. Rfd1 Rxd6 27. Rxd6 Rb8 28. h4 Rb1+ 29. Kh2 Rc1 30. Rd2 c4 31. Re2 c3 32. a4 Bf5 33. Kg3 Rxc2 34. Kf2 Rxe2+ 35. Kxe2 a5 36. Kd1 Bd3 37. g3 Kf6 38. Kc1 Ke5 39. Kd1 Kd4 0-1

[Event "FRA-ch Youth U14 2018"]
[Site "Agen"]
[Date "2018.04.22"]
[Round "9"]
[White "Ginovart, Camille"]
[Black "Sumarriva Paulin, Laura"]
[Result "1/2-1/2"]
[ECO "C02"]
[WhiteElo "1628"]
[BlackElo "1665"]
[Annotator "NA RC"]
[PlyCount "83"]
[EventDate "2018.??.??"]
[EventType "swiss"]
[EventCountry "FRA"]
[SourceTitle "playchess.com"]
[Source "ChessBase"]
[SourceQuality "1"]
[TimeControl "5400+30"]

1. e4 e6 2. d4 d5 3. e5 c5 4. c3 Bd7 5. Nf3 a6 6. Bd3 Nc6 7. O-O cxd4 8. cxd4 Qb6 9. Bc2 Nb4 10. Bb3 Bb5 11. Re1 Nd3 12. Re3 Nxc1 13. Qxc1 Ne7 14. Qd2 Bd7 15. Bc2 Nc6 16. Nc3 Rc8 17. Rb1 Na5 18. Qd3 Nc4 19. Re2 Qa5 20. Bb3 Nxb2 21. Rexb2 Qxc3 22. Qd1 Qa5 23. Bc2 b5 24. Ng5 Qd8 25. Nxh7 Qh4 26. g3 Qh3 27. Qf1 Qxf1+ 28. Rxf1 Ba3 29. Rb3 Rxc2 30. Rxa3 Rxh7 31. Rxa6 Rd2 32. Rc1 Ke7 33. Ra8 Rxd4 34. Rc7 Rc4 35. Rb7 Ra4 36. Rc8 Rc4 37. Ra8 Ra4 38. Rc8 Rxa2 39. Rcc7 g6 40. Rxd7+ Kf8 41. Rd8+ Kg7 42. Rdd7 1/2-1/2

[Event "FRA-ch Youth U14 2018"]
[Site "Agen"]
[Date "2018.04.22"]
[Round "9"]
[White "Barbotte, Jeanne"]
[Black "Bellahcene, Sofia"]
[Result "0-1"]
[ECO "B31"]
[WhiteElo "1556"]
[BlackElo "1701"]
[Annotator "NA RC"]
[PlyCount "94"]
[EventDate "2018.??.??"]
[EventType "swiss"]
[EventCountry "FRA"]
[SourceTitle "playchess.com"]
[Source "ChessBase"]
[SourceQuality "1"]
[TimeControl "5400+30"]

1. e4 c5 2. Nf3 Nc6 3. Bb5 g6 4. O-O Bg7 5. c3 Nf6 6. e5 Nd5 7. d4 cxd4 8. cxd4 O-O 9. Nc3 Nc7 10. Bxc6 dxc6 11. Bf4 Bg4 12. h3 Bxf3 13. Qxf3 Qxd4 14. Rad1 Qb4 15. Rd7 Ne6 16. Bd2 Qb6 17. Na4 Qa6 18. Nc3 Rad8 19. Rxe7 Rxd2 20. Ne4 Rd3 21. Qe2 Bxe5 22. Rxe6 fxe6 23. Nc5 Qxa2 24. Nxd3 Bd4 25. Qe4 Qd5 26. Qg4 e5 27. Rd1 c5 28. Kh1 a5 29. h4 Rf5 30. f3 Qb3 31. Rd2 Be3 32. Nxe5 Rxe5 33. Rd8+ Kf7 34. Qd7+ Re7 35. Qc8 Bh6 36. Rh8 Qd1+ 37. Kh2 Qd6+ 38. g3 Re2+ 39. Kh3 Qe6+ 40. Qxe6+ Rxe6 41. Rxh7+ Bg7 42. h5 Kg8 43. hxg6 Rxg6 44. Rh5 Rh6 45. Rxh6 Bxh6 46. f4 a4 47. Kg2 Bg7 0-1